 Dungeon Crawl Stone Soup version 0.31-a0-1612-g4aaf141004 (webtiles) character file.

Game seed: 12628940410838585435

823 innerfire43 the Ducker (level 7, -1/52 HPs)
             Began as a Demonspawn Wanderer on Jan 9, 2024.
             Slain by a quokka (2 damage)
             ... on level 5 of the Dungeon.
             The game lasted 00:08:37 (4614 turns).

innerfire43 the Ducker (Demonspawn Wanderer)        Turns: 4614, Time: 00:08:37

Health: -1/52      AC:  6    Str:  7 (9)  XL:     7   Next: 64%
Magic:  11/11      EV: 12    Int: 14 (16) God:
Gold:   291        SH:  4    Dex: 12 (14) Spells: 11/12 levels left

rFire   . . .        s - +2 whip (venom)
rCold   . . .        (no shield)
rNeg    . . .        e - +0 leather armour
rPois   .            (no helmet)
rElec   .            u - +0 cloak
rCorr   .            t - +0 pair of gloves
SInv    .            h - +0 pair of boots
Will    .....        (no amulet)
Stlth   ++           (no ring)
HPRegen 0.28/turn    (no ring)
MPRegen 0.24/turn

%: no passive effects
@: no status effects
A: hooves 1, magic regeneration, condensation shield, weakness stinger 1
a: no special abilities


You were on level 5 of the Dungeon.
You visited 1 branch of the dungeon, and saw 5 of its levels.

You collected 291 gold pieces.

Inventory:

Hand Weapons
 a - a +0 dagger
 f - a +3 quarterstaff of chaos
 s - a +2 whip of venom (weapon)
 v - a +0 short sword of electrocution
Missiles
 b - 5 throwing nets
Armour
 e - a +0 leather armour (worn)
 h - a +0 pair of boots (worn)
 t - a +0 pair of gloves (worn)
 u - a +0 cloak (worn)
Jewellery
 x - an amulet of guardian spirit
Scrolls
 c - 2 scrolls of teleportation
 i - a scroll of revelation {unknown}
 k - 2 scrolls of identify
 l - a scroll of poison {unknown}
 p - 2 scrolls of noise
 q - 2 scrolls of summoning
 w - a scroll of fear {unknown}
Potions
 d - a potion of lignification
 m - 2 potions of brilliance {unknown}
 n - 3 potions of mutation {unknown}
 o - 2 potions of heal wounds {unknown}
 r - a potion of berserk rage {unknown}


   Skills:
 + Level 3.4 Fighting
 * Level 3.5 Maces & Flails
 - Level 4.5 Dodging
 - Level 1.7 Stealth
 + Level 3.2 Spellcasting
 + Level 3.7 Conjurations
 + Level 3.9 Alchemy


You had 11 spell levels left.
You knew the following spells:

 Your Spells              Type           Power      Damage    Failure   Level
a - Sting                 Conj/Alch      52%        1d6       7%          1

Your spell library contained the following spells:

 Spells                   Type           Power      Damage    Failure   Level
 Apportation              Tloc           4%         N/A       32%         1
 Necrotise                Necr           8%         1d4       32%         1
 Sandblast                Erth           4%         2d4       32%         1
 Summon Small Mammal      Summ           8%         N/A       32%         1
 Mephitic Cloud           Conj/Alch/Air  9%         N/A       32%         3
 Jinxbite                 Hex            4%         N/A       43%         2
 Yara's Violent Unravell  Hex/Alch       3%         3d4       98%         5
 Summon Mana Viper        Hex/Summ       2%         N/A       100%        5
 Enfeeble                 Hex            1%         N/A       100%        7


Dungeon Overview and Level Annotations

Branches:
Dungeon (5/15)
 Temple: D:4-7

Altars:
Gozag

Shops:
D:4 =


Innate Abilities, Weirdness & Mutations

You have large cloven feet.
You regenerate magic rapidly.
A meltable shield of frost defends you. (SH +4)
You have a small tail.


Message History

The water moccasin is heavily wounded.
The hound pauses to sniff the ground.
The hound bites you but does no damage. The water moccasin barely misses you.
The hound bites you but does no damage.
You whack the water moccasin!
The water moccasin is severely wounded.
The water moccasin closely misses you. You block the hound's attack.
You closely miss the water moccasin.
The water moccasin is severely wounded.
The water moccasin bites you but does no damage.
The hound closely misses you. The water moccasin closely misses you.
The hound bites you.
* * * LOW HITPOINT WARNING * * *
You closely miss the water moccasin.
You tail-slap the water moccasin, but do no damage.
The water moccasin is severely wounded.
The water moccasin barely misses you. The hound bites you but does no damage.
You hit the water moccasin but do no damage.
The water moccasin is severely wounded.
The water moccasin bites you but does no damage.
The hound misses you.
You hit the water moccasin but do no damage.
The water moccasin is severely wounded.
The water moccasin completely misses you.
The hound misses you.
The water moccasin completely misses you.
The hound bites you.
* * * LOW HITPOINT WARNING * * *
You hit the water moccasin.
You kill the water moccasin!
The hound barely misses you.
It was a potion of degeneration.
There was something very wrong with that liquid.
You feel weakened.
You feel dopey.
You feel clumsy. The hound bites you.
* * * LOW HITPOINT WARNING * * *
The quokka barely misses you. The hound bites you.
* * * LOW HITPOINT WARNING * * *
The quokka bites you.
You die...

###
##########.#
#..........#
#.########S#
#.<..# #h#
#....# #@#
#.....# #r#
#..#..#


#fo #..#..# ###. #..#..# .. #..# .# .. #... .. ... ... You could see a water
moccasin, a sleepcap, a hound, an orc and a quokka.

Vanquished Creatures
  Grinder (D:3)
  A water moccasin (D:5)
  An ice beast (D:5)
  An orc priest (D:4)
  Crazy Yiuf (D:3)
  A hound (D:4)
  5 orc wizards (D:4)
  Robin (D:3)
  9 gnolls
  4 adders
  2 dart slugs (D:3)
  7 orcs (D:4)
  7 endoplasms
  3 giant cockroaches
  18 goblins
  8 hobgoblins
  8 kobolds
  A quokka (D:2)
  5 ball pythons
  7 bats
  A frilled lizard (D:3)
  3 rats
95 creatures vanquished.

Notes
Turn   | Place    | Note
-------+----------+-------------------------------------------
     0 | D:1      | innerfire43 the Demonspawn Wanderer began the quest for the
                  | Orb.
     0 | D:1      | innerfire43 set off with the following items: a +0 dagger,
                  | 2 throwing nets, a scroll of teleportation, a potion of
                  | lignification, a +0 leather armour; and the following spell
                  | memorised: Sting; and the following spells available to
                  | memorise: Mephitic Cloud.
     0 | D:1      | Reached XP level 1. HP: 15/15 MP: 2/2
   307 | D:1      | Discovered your monstrous ancestry.
   307 | D:1      | Gained mutation: You have large cloven feet. [demonic
                  | ancestry]
   307 | D:1      | Reached XP level 2. HP: 20/21 MP: 3/3
   424 | D:1      | Reached skill level 1 in Conjurations
   789 | D:1      | Gained mutation: You regenerate magic rapidly. [demonic
                  | ancestry]
   789 | D:1      | Reached XP level 3. HP: 26/26 MP: 5/5
  1466 | D:2      | Gained mutation: You have a small tail. [demonic ancestry]
  1466 | D:2      | Reached XP level 4. HP: 5/33 MP: 3/6
  2214 | D:3      | Reached XP level 5. HP: 26/38 MP: 4/8
  2370 | D:3      | Noticed Grinder
  2383 | D:3      | Killed Grinder
  2384 | D:3      | Reached XP level 6. HP: 4/46 MP: 9/9
  2704 | D:3      | Found a runed translucent door.
  2705 | D:3      | Noticed Crazy Yiuf
  2767 | D:3      | Killed Crazy Yiuf
  3032 | D:3      | Noticed Robin
  3062 | D:3      | Killed Robin
  3247 | D:3      | Got Feniki's Compilation of Allied Amathomancy
  3659 | D:4      | Gained mutation: A meltable shield of frost defends you.
                  | (SH +4) [demonic ancestry]
  3659 | D:4      | Reached XP level 7. HP: 14/52 MP: 1/11
  4163 | D:4      | Found an opulent altar of Gozag.
  4383 | D:4      | Found Aheent's Jewellery Emporium.
  4565 | D:5      | Entered Level 5 of the Dungeon
  4614 | D:5      | HP: 1/52 [hound (3)]
  4614 | D:5      | Slain by a quokka

Illustrated notes

Levels and vault maps discovered:
D:1:      shiori_arrival_oz, layout_basic
D:2:      layout_rooms, minmay_between
D:3:      layout_basic, uniq_robin, uniq_grinder, uniq_crazy_yiuf_cottage
D:4:      layout_loops_cross, nicolae_gozag_seed_capital, serial_shops,
          nicolae_shop_hallway_plus
D:5:      layout_basic, nicolae_underground_beach

Skill      XL: |  1  2  3  4  5  6  7 |
---------------+----------------------+-----
Conjurations   | 1 2 3 |  3.7
Alchemy        | 2 3 |  3.9
Fighting       | 2 3 |  3.4
Spellcasting   | 2 3 |  3.2
Maces & Flails | 2 3 |  3.5
Dodging        | |  4.5
Stealth        | |  1.7

Action                     |  1- 3 |  4- 6 |  7- 9 || total
---------------------------+-------+-------+-------++-------
  Melee: Dagger            |   151 |    11 |       ||   162
         Punch             |     1 |     1 |       ||     2
         Whip              |       |    87 |    65 ||   152
         Tailslap          |       |    19 |    11 ||    30
   Cast: Sting             |    17 |    45 |     5 ||    67
    Use: Potion            |     1 |     1 |     2 ||     4
         Scroll            |       |     3 |       ||     3
   Stab: Sleeping          |     2 |     3 |       ||     5
 Armour: Leather armour    |    83 |    95 |    66 ||   244
  Dodge: Dodged            |   105 |    85 |    58 ||   248
  Block: Other             |       |       |    11 ||    11

Table legend: (Time is in decaauts)
 A = Elapsed time spent in this place.
 B = Non-inter-level travel time spent in this place.
 C = Inter-level travel time spent in this place.
 D = Time resting spent in this place.
 E = Time spent auto-exploring this place.
 F = Levels seen in this place.
 G = Mean time per level.
                   A        B        C        D        E       F      G
               +--------+--------+--------+--------+--------+-----+--------+
         Total |   4616 |   4515 |    101 |      0 |   3642 |   5 |  923.2 |
       Dungeon |   4616 |   4515 |    101 |      0 |   3642 |   5 |  923.2 |
               +--------+--------+--------+--------+--------+-----+--------+

Top non-repeatable levels by time:
     D:3: 1387 daAuts
     D:1: 1127 daAuts
     D:4: 1029 daAuts
     D:2: 1026 daAuts
     D:5: 47 daAuts
